General information
- name: BNet
- type: Ladder 1vs1/FFA
- host: Battle.net
- saver: 7.36
map: TirisfalGlades
- players: 2
- length: 11:42
- speed: Fast
- version: 1.25 W3XP
- replay type: Public
» download(27 KB)
Players
team 1 (winner)
7.36 (
teal | 53 APM | 626 actions | 11:42)
2 Mountain King
1 Storm Bolt
1 Bash
» actions
| Assign group hotkey | 9 | |
| Basic commands | 56 | |
| Build / train | 36 | |
| Enter build submenu | 29 | |
| Enter hero's abilities submenu | 2 | |
| Right click | 235 | |
| Select / deselect | 164 | |
| Select group hotkey | 48 | |
| Use ability | 47 | |
626 total
» units
» buildings
| Lumber Mill | 2 | |
| Scout Tower | 22 | |
| Guard Tower | 9 | |
| Farm | 4 | |
| Altar of Kings | 1 | |
| Barracks | 1 | |
| Arcane Tower | 1 | |
| Town Hall | 1 | |
| Keep | 1 | |
42 total
» build order
00:12 Lumber Mill
00:50 Scout Tower
00:51 Scout Tower
00:53 Scout Tower
01:10 Scout Tower
01:29 Guard Tower
01:39 Guard Tower
01:51 Guard Tower
02:06 Farm
02:36 Altar of Kings
03:10 Farm
03:12 Barracks
03:43 Scout Tower
03:57 Scout Tower
04:11 Arcane Tower
04:46 Scout Tower
04:48 Scout Tower
04:54 Farm
05:13 Scout Tower
05:15 Guard Tower
05:15 Guard Tower
05:54 Guard Tower
06:01 Scout Tower
06:37 Lumber Mill
06:41 Guard Tower
07:02 Town Hall
07:32 Scout Tower
07:33 Scout Tower
07:33 Scout Tower
07:34 Scout Tower
07:34 Scout Tower
08:06 Farm
09:38 Keep
10:03 Scout Tower
10:04 Scout Tower
10:06 Scout Tower
10:07 Scout Tower
10:08 Scout Tower
10:10 Scout Tower
10:37 Scout Tower
10:41 Guard Tower
10:59 Guard Tower
team 2 (loser)
rana84 (
yellow | 13 APM | 155 actions | 11:42)
1 Demon Hunter
1 Immolation
» actions
| Build / train | 11 | |
| Enter build submenu | 9 | |
| Enter hero's abilities submenu | 1 | |
| Remove unit from queue | 7 | |
| Right click | 51 | |
| Select / deselect | 56 | |
| Use ability | 20 | |
155 total
» units
» buildings
| Altar of Elders | 1 | |
| Moon Well | 4 | |
| Ancient of War | 2 | |
7 total
» build order
00:05 Altar of Elders
00:09 Moon Well
01:19 Moon Well
04:06 Ancient of War
04:22 Moon Well
04:41 Moon Well
06:32 Ancient of War
Chat log
(06:26 / All) 7.36: why are you still trying
(06:26 / All) 7.36: Lmfao
(06:52 / All) 7.36: thanks for uprooting
(06:57 / All) 7.36: heavy armor is easier to kill
(07:04 / All) rana84: try again
(07:07 / All) 7.36: lol
(07:12 / All) 7.36: sore loser
(07:21 / All) rana84: u suck
(07:23 / All) 7.36: LOL
(07:35 / All) rana84: 1 more game
(07:39 / All) 7.36: lose and cry
(07:43 / All) 7.36: ok leave and host it up
(07:58 / All) 7.36: after you admit losing this one
(08:02 / All) 7.36: ok?
(08:13 / All) rana84: haha u lucky gay
(08:16 / All) 7.36: LOL
(08:23 / All) 7.36: you ask me to 1v1 again
(08:24 / All) 7.36: now you wont?
(08:32 / All) rana84: yes
(08:35 / All) 7.36: ok host it
(08:36 / All) rana84: try again
(08:36 / All) 7.36: game name?
(08:47 / All) rana84: uchoose
(08:55 / All) 7.36: youre the one asking for a rematch
(08:56 / All) 7.36: so you host it
(09:07 / All) 7.36: im not the one thats butthurt
(09:13 / All) rana84: ok
(09:37 / All) rana84: searching in night elf tree
(09:43 / All) 7.36: no im looking right at it
(10:10 / All) rana84: pffff lucky gay
(10:12 / All) 7.36: LOL
(10:15 / All) 7.36: u mad kid?
(10:27 / All) rana84: no u lucky
(10:32 / All) 7.36: u mad all right
(10:41 / All) rana84: no u lucky
(10:44 / All) 7.36: LOL
(10:52 / All) rana84: u dont have nothing
(10:54 / All) 7.36: sure
(11:01 / All) rana84: im sure
(11:11 / All) 7.36: i have two gold mines
(11:13 / All) 7.36: you have none
(11:14 / All) 7.36: :)
(11:19 / All) 7.36: so you want a rematch or not?
(11:20 / All) rana84: haha
(11:23 / All) 7.36: you asked, you gonna puss out now?
(11:33 / All) rana84: yes lets do it
(11:34 / All) 7.36: boom
(11:35 / All) 7.36: host it up
(11:38 / All) 7.36: channel ranasucks